 Dungeon Crawl Stone Soup version 0.30-a0-1163-gf69bf04e7a (webtiles) character file.

Game seed: 11378155556798461563

3920 hwolsky the Cleaver (level 10, -3/135 HPs)
             Began as a Minotaur Fighter on Apr 28, 2023.
             Was a Follower of Okawaru.
             Slain by a 17-headed hydra (5 damage)
             ... on level 8 of the Dungeon.
             The game lasted 00:20:44 (6479 turns).

hwolsky the Cleaver (Minotaur Fighter)              Turns: 6479, Time: 00:20:45

Health: -3/135     AC: 25    Str: 23      XL:     10   Next: 1%
Magic:  4/8        EV:  2    Int:  9 (10) God:    Okawaru [*.....]
Gold:   657        SH: 13    Dex: 14 (15) Spells: 9/9 levels left

rFire   + . .        t - +0 war axe (elec)
rCold   . . .        g - +0 kite shield of Philately {rF+ rN+ Regen+}
rNeg    + . .        y - melded +2 ring mail {rF+}
rPois   +            (helmet currently unavailable)
rElec   .            (cloak currently unavailable)
rCorr   .            l - melded +0 pair of gloves
SInv    +            (boots currently unavailable)
Will    .....        (no amulet)
Stlth   +++          s - ring of poison resistance
HPRegen 1.22/turn    f - +6 ring of intelligence
MPRegen 0.11/turn

%: no passive effects
@: tree-form, heroic
A: stationary, stasis, torment immunity, boosted hp, (horns 2), (retaliatory
headbutt), see invisible, agile 1, low MP 2
a: Renounce Religion, Heroism


You were on level 8 of the Dungeon.
You worshipped Okawaru.
Okawaru was aware of your devotion.
You were a tree.
You visited 2 branches of the dungeon, and saw 9 of its levels.
You also visited: Ossuary.

You collected 657 gold pieces.

Inventory:

Hand Weapons
 a - a +0 war axe of freezing
 t - a +0 war axe of electrocution (weapon)
Missiles
 i - 2 boomerangs of dispersal
 r - 4 silver boomerangs (quivered)
 w - 2 boomerangs
 x - 4 silver javelins
 z - 2 throwing nets
Armour
 g - the +0 kite shield of Philately (worn) {rF+ rN+ Regen+}
   (You acquired it on level 1 of the Dungeon)

   rF:        It protects you from fire.
   rN:        It protects you from negative energy.
   Regen:     It increases your rate of health regeneration.
 l - a +0 pair of gloves (melded)
 o - a +0 chain mail
 y - a +2 ring mail of fire resistance (melded)
Jewellery
 f - a +6 ring of intelligence (right branch)
 h - a ring of resist corrosion
 q - a ring of ice
 s - a ring of poison resistance (left branch)
Wands
 b - a wand of charming (10)
 v - a wand of acid (9)
Scrolls
 d - 2 scrolls of identify
 e - 5 scrolls of teleportation
 n - 5 scrolls of blinking
 A - 2 scrolls of magic mapping
 B - 2 scrolls of enchant armour
 C - a scroll of amnesia
 D - a scroll of brand weapon
Potions
 c - 2 potions of lignification
 j - 3 potions of curing
 k - a potion of degeneration
 p - 2 potions of brilliance
 u - a potion of invisibility


   Skills:
 + Level 8.4(13.4) Fighting
 * Level 11.1(16.1) Axes
 + Level 8.4(13.4) Armour
 + Level 8.4(13.4) Shields
 + Level 1.9 Invocations


You had 9 spell levels left.
You didn't know any spells.
Your spell library contained the following spells:

 Spells                   Type           Power      Damage    Failure   Level
 Sandblast                Erth           0%         2d4       54%         1
 Ensorcelled Hibernation  Hex/Ice        0%         N/A       67%         2
 Passwall                 Tmut/Erth      0%         N/A       67%         2
 Inner Flame              Hex/Fire       0%         N/A       88%         3
 Spider Form              Tmut/Pois      0%         N/A       88%         3
 Stone Arrow              Conj/Erth      0%         3d7       88%         3
 Anguish                  Hex/Necr       0%         N/A       99%         4
 Flame Wave               Conj/Fire      0%         2d4       99%         4
 Sticky Flame             Conj/Fire      0%         2d3       99%         4
 Lehudib's Crystal Spear  Conj/Erth      0%         10d2      100%        8
 Animate Armour           Summ/Erth      Unusable   N/A       N/A         4

Dungeon Overview and Level Annotations

Branches:
Dungeon (8/15)             Temple (1/1) D:6            Lair (0/5) D:8
Ossuary (visited)

Altars:
Gozag
Hepliaklqana
Makhleb
Nemelex Xobeh
Okawaru
Qazlal
Sif Muna
Trog
Uskayaw
Xom
Yredelemnul
Zin
The Shining One

Shops:
D:5 (


Innate Abilities, Weirdness & Mutations

You are a tree.
Your roots penetrate the ground, keeping you stationary.
You cannot be teleported.
You are immune to unholy pain and torment.
Your maximum health is greatly increased.
Your equipment is partially melded.
((You have a pair of horns on your head.))
((You reflexively headbutt those who attack you in melee.))
You have supernaturally acute eyesight. (SInv)
You are agile. (Dex +4, Str/Int -1)
Your magical capacity is very low. (-20% MP)


Message History

You block the 15-headed hydra's attack. The 15-headed hydra bites you.
The 15-headed hydra bites you but does no damage. x2
You block the 15-headed hydra's attack.
The 15-headed hydra bites you but does no damage.
You block the 15-headed hydra's attack.
The 15-headed hydra bites you but does no damage. x3
The 15-headed hydra bites you.
The 15-headed hydra bites you but does no damage.
You hack one of the 15-headed hydra's heads off!
The 14-headed hydra grows two more!
You slash the 16-headed hydra!
Lightning courses through the 16-headed hydra!
The 16-headed hydra is almost dead.
The 16-headed hydra bites you.
* * * LOW HITPOINT WARNING * * *
The 16-headed hydra bites you but does no damage. x2
The 16-headed hydra bites you.
* * * LOW HITPOINT WARNING * * *
You block the 16-headed hydra's attack.
The 16-headed hydra bites you but does no damage.
You block the 16-headed hydra's attack. The 16-headed hydra bites you!
* * * LOW HITPOINT WARNING * * *
You block the 16-headed hydra's attack. x2; The 16-headed hydra bites you.
* * * LOW HITPOINT WARNING * * *
The 16-headed hydra bites you but does no damage.
The 16-headed hydra bites you!
* * * LOW HITPOINT WARNING * * *
The 16-headed hydra bites you but does no damage.
The 16-headed hydra barely misses you.
The 16-headed hydra bites you but does no damage.
You chop one of the 16-headed hydra's heads off!
The 15-headed hydra grows two more!
You hit the 17-headed hydra.
The 17-headed hydra is severely wounded.
The 17-headed hydra bites you!
* * * LOW HITPOINT WARNING * * *
You block the 17-headed hydra's attack.
The 17-headed hydra bites you but does no damage.
You block the 17-headed hydra's attack. x2
The 17-headed hydra bites you but does no damage.
You block the 17-headed hydra's attack. The 17-headed hydra bites you.
You die...

#.# #..# #... #.# #..###.##
#.# #.....### #.# #....#...
#.#####....^.#.
#.#.........##( #
######<........#....
#.#######........#####.#≈.P.
#....>.....♣.##### #.#..PP
########''D### #...##P
##.....## #....#. #.......#
#..#... #~?.)..♣# #...###
#♣....)P# #..#### #♣...~##
##..... #♣P~## #.##.. #.##..


You could see a 17-headed hydra.

Vanquished Creatures
  The ghost of avis the Martial Artist, a novice DgTm (D:8)
  Pikel (D:5)
  The ghost of hattop the Ruffian, a novice VSTm of Elyvilon (D:5)
  4 water moccasins
  A sky beast (D:7)
  2 black bears (D:7)
  An ogre (D:6)
  A centaur (D:6)
  2 lemures (D:5)
  A gnoll sergeant (D:7)
  A bullfrog (D:7)
  3 scorpions (D:6)
  5 wights (D:8)
  A howler monkey (D:7)
  4 hounds
  4 jellies
  8 orc priests
  A gnoll bouda (D:6)
  3 sleepcaps
  3 iguanas
  8 orc wizards
  8 mummies (Ossuary)
  Robin (D:2)
  7 gnolls
  8 adders
  A shadow imp (D:5)
  An ufetubus (D:6)
  4 worms
  3 dart slugs
  38 orcs
  4 ball pythons
  5 endoplasms
  2 giant cockroaches
  20 goblins
  9 hobgoblins
  6 jackals
  3 quokkas
  4 bats
  3 frilled lizards
  2 hobgoblin zombies (Ossuary)
  2 kobolds
  4 kobold zombies (Ossuary)
  2 orc zombies (Ossuary)
  4 rats
  9 bushes
206 creatures vanquished.

Vanquished Creatures (others)
  An orc wizard (D:4)
  2 plants (D:8)
3 creatures vanquished.

Grand Total: 209 creatures vanquished

Notes
Turn   | Place    | Note
-------+----------+-------------------------------------------
     0 | D:1      | hwolsky the Minotaur Fighter began the quest for the Orb.
     0 | D:1      | Reached XP level 1. HP: 19/19 MP: 0/0
   110 | D:1      | Reached XP level 2. HP: 23/27 MP: 1/1
   124 | D:1      | Reached skill level 3 in Axes
   308 | D:1      | Reached XP level 3. HP: 33/33 MP: 2/2
  1023 | D:2      | Identified a scroll of acquirement
  1143 | D:1      | Acquired the +0 kite shield of Philately {rF+ rN+ Regen+}
  1268 | D:2      | Found a glowing silver altar of Zin.
  1402 | D:2      | Reached XP level 4. HP: 40/40 MP: 3/3
  1441 | D:2      | Noticed Robin
  1447 | D:2      | Reached skill level 4 in Axes
  1451 | D:2      | Killed Robin
  1685 | D:2      | Found a faded altar of an unknown god.
  1928 | D:3      | Reached XP level 5. HP: 39/47 MP: 4/4
  2088 | D:3      | Found a basalt altar of Yredelemnul.
  2414 | D:3      | Found a glowing golden altar of the Shining One.
  3051 | D:4      | Reached skill level 5 in Axes
  3100 | D:4      | Reached XP level 6. HP: 51/55 MP: 5/5
  3109 | D:4      | Reached skill level 5 in Fighting
  3109 | D:4      | Reached skill level 5 in Armour
  3165 | D:4      | Reached skill level 5 in Shields
  3667 | D:4      | Found a burning altar of Makhleb.
  3796 | D:5      | Entered Level 5 of the Dungeon
  3869 | D:5      | Reached skill level 6 in Axes
  3881 | D:5      | Found an opulent altar of Gozag.
  3914 | D:5      | Reached XP level 7. HP: 53/61 MP: 6/6
  4003 | D:5      | Found Vedghit's Antique Weapon Emporium.
  4207 | D:5      | Noticed Pikel
  4216 | D:5      | Killed Pikel
  4217 | D:5      | Reached skill level 7 in Axes
  4217 | D:5      | Reached XP level 8. HP: 54/70 MP: 7/7
  4440 | D:5      | Found a sparkling altar of Nemelex Xobeh.
  4498 | D:5      | Reached skill level 8 in Axes
  4625 | D:5      | Found a runed translucent gate.
  4626 | D:5      | Found a runed translucent gate.
  4627 | D:5      | Found a runed translucent gate.
  4627 | D:5      | Noticed hattop's ghost (novice VSTm)
  4647 | D:5      | Killed hattop's ghost
  4787 | D:6      | Reached skill level 9 in Axes
  4957 | D:6      | Reached XP level 9. HP: 76/79 MP: 8/8
  5113 | D:6      | Found a staircase to the Ecumenical Temple.
  5124 | Temple   | Entered the Ecumenical Temple
  5139 | Temple   | Became a worshipper of Warmaster Okawaru
  5445 | D:7      | Reached skill level 10 in Axes
  5608 | D:7      | Reached * piety under Okawaru
  5624 | D:7      | Found a sand-covered staircase.
  5639 | Ossuary  | Entered an ossuary
  5816 | Ossuary  | Gained mutation: Your magical capacity is low. (-10% MP)
                  | [potion of mutation]
  5816 | Ossuary  | Gained mutation: Your magical capacity is very low. (-20%
                  | MP) [potion of mutation]
  5816 | Ossuary  | Gained mutation: You are agile. (Dex +4, Str/Int -1)
                  | [potion of mutation]
  5816 | Ossuary  | Gained mutation: You have supernaturally acute eyesight.
                  | (SInv) [potion of mutation]
  6195 | D:8      | Found a staircase to the Lair.
  6227 | D:8      | Reached skill level 1 in Invocations
  6304 | D:8      | Found a runed translucent gate.
  6305 | D:8      | Found a runed translucent gate.
  6307 | D:8      | Found a runed translucent gate.
  6308 | D:8      | Noticed avis's ghost (novice DgTm)
  6310 | D:8      | Noticed a ten-headed hydra
  6469 | D:8      | Killed avis's ghost
  6470 | D:8      | Reached skill level 11 in Axes
  6470 | D:8      | Reached XP level 10. HP: 90/90 MP: 6/8
  6479 | D:8      | HP: 2/135 [17-headed hydra (10)]
  6479 | D:8      | Slain by a 17-headed hydra

Illustrated notes

Levels and vault maps discovered:
D:1:      dpeg_arrival_morbid_curiosity, layout_basic
D:2:      layout_loops_ring, basic_altar, shapermc_ecumenical_altar_petra,
          uniq_robin
D:3:      layout_loops_corners, mainiacjoe_overflow_boulevard,
          mainiacjoe_overflow_brackets
D:4:      layout_basic, mainiacjoe_overflow_cross_hatched, grunt_ministairs_14,
          serial_park_tiny_1
D:5:      layout_basic, marbit_many_paths, mainiacjoe_overflow_six_doors_small,
          ebering_ghost_rock_garden, nicolae_wooded_promenade, uniq_pikel
D:6:      layout_rooms, minmay_temple_entry_enclosed_plants
D:7:      layout_rooms, nicolae_ossuary_entry_monument
D:8:      layout_loops_ring, kennysheep_little_box, elyvilon_altar_3,
          mainiacjoe_overflow_alcove_1, dpeg_oklobed_lair,
          gammafunk_ghost_hydra_chop, nicolae_specific_store
Temple:   hellmonk_temple_two_chambers

Skill      XL: |  1  2  3  4  5  6  7  8  9 |
---------------+----------------------------+-----
Axes           | 3 4 5 6 7 9 11 | 11.1
Armour         | 4 5 6 7 8 |  8.4
Shields        | 4 5 6 7 8 |  8.4
Fighting       | 4 5 6 7 8 |  8.4
Invocations    | 1 |  1.9

Action                     |  1- 3 |  4- 6 |  7- 9 | 10-12 || total
---------------------------+-------+-------+-------+-------++-------
  Melee: War axe           |    75 |   401 |   251 |     8 ||   735
         Headbutt          |     9 |   115 |    29 |       ||   153
  Throw: Boomerang         |       |     4 |       |       ||     4
 Invoke: Heroism           |       |       |     1 |     1 ||     2
    Use: Scroll            |    10 |     3 |     1 |       ||    14
         Potion            |       |       |    12 |     1 ||    13
 Armour: Scale mail        |    44 |    17 |       |       ||    61
         Chain mail        |       |    47 |    75 |       ||   122
         Ring mail         |       |       |    37 |       ||    37
         Skin              |       |       |    11 |    37 ||    48
  Dodge: Dodged            |    40 |    48 |    92 |     6 ||   186
  Block: Buckler           |    18 |       |       |       ||    18
         Kite shield       |     5 |    49 |   126 |    27 ||   207

Table legend: (Time is in decaauts)
 A = Elapsed time spent in this place.
 B = Non-inter-level travel time spent in this place.
 C = Inter-level travel time spent in this place.
 D = Time resting spent in this place.
 E = Time spent auto-exploring this place.
 F = Levels seen in this place.
 G = Mean time per level.
                   A        B        C        D        E       F      G
               +--------+--------+--------+--------+--------+-----+--------+
         Total |   6669 |   6344 |    325 |     35 |   3949 |  10 |  666.9 |
       Dungeon |   6451 |   6126 |    325 |     35 |   3883 |   8 |  806.4 |
        Temple |     22 |     22 |      0 |      0 |     11 |   1 |   22.0 |
       Ossuary |    195 |    195 |      0 |      0 |     55 |   1 |  195.0 |
               +--------+--------+--------+--------+--------+-----+--------+

Top non-repeatable levels by time:
     D:3: 1236 daAuts
     D:1: 1058 daAuts
     D:4: 942 daAuts
     D:5: 900 daAuts
     D:2: 737 daAuts
     D:6: 691 daAuts
     D:7: 594 daAuts
     D:8: 289 daAuts
 Ossuary: 195 daAuts
  Temple: 22 daAuts
